Map: Central Protocol

Players

PsychoKiller

  • Race: Zerg Zerg
  • League: Diamond

Frozzen - Winner!

  • Race: Zerg Zerg
  • League: Platinum

VOD

Have the link to the VOD?

Description

Time

  • Played on: Nov. 19, 2015, 8:46 p.m.
  • Length: 7:07
Show
View Real Time Build Order
Export as new Build Order

PsychoKiller Zerg 

Build Orders: Pool Only, Zergling Baneling 

Get SALT Encoding   

  12  0:00  Drone  
  13  0:08  Drone  
  14  0:26  Spawning Pool  
  13  0:29  Drone  
  13  0:33  Extractor  
  13  0:35  Drone  
  14  0:44  Overlord  
  14  1:12  Queen  
  14  1:13  Zergling x6  
  19  1:24  Zergling x2  
  20  1:33  Metabolic Boost  
  20  1:35  Zergling x2  
  21  1:46  Zergling x2  
  22  1:55  Baneling Nest  
  22  1:56  Zergling x2  
  22  2:11  Overlord  
  23  2:30  Zergling x8  
  26  2:38  Zergling x2  
  27  2:52  Baneling x6  
  27  2:56  Zergling x6  
  29  3:01  Zergling x2  
  27  3:24  Zergling x2  
  27  3:25  Zergling x4  
  25  3:43  Zergling x2  
  25  3:45  Baneling x2  
  24  3:51  Zergling x2  
  22  4:00  Zergling x2  
  23  4:15  Zergling x6  
  25  4:22  Zergling x2  
  24  4:24  Baneling x2  
  24  4:30  Zergling x2  
  24  4:41  Zergling x4  
  24  4:43  Zergling x2  
  25  4:51  Zergling x2  
  23  5:04  Baneling x2  
  23  5:05  Baneling x3  
  23  5:06  Zergling x2  
  23  5:08  Baneling x2  
  23  5:10  Zergling x2  
  21  5:38  Zergling x2  
  21  5:39  Zergling x4  
  24  5:49  Zergling x4  
  21  5:58  Baneling x4  
  21  5:59  Zergling x2  
  22  6:23  Zergling x4  
  24  6:37  Zergling x8  
Show
View Real Time Build Order
Export as new Build Order

Frozzen Zerg - Winner!

Build Orders: Hatch First 

Get SALT Encoding   

  12  0:01  Drone  
  13  0:12  Overlord  
  13  0:17  Drone  
  14  0:31  Drone x2  
  16  0:50  Hatchery  
  16  0:54  Drone  
  16  0:57  Drone  
  16  1:00  Drone  
  18  1:15  Spawning Pool  
  18  1:17  Drone  
  18  1:20  Extractor  
  18  1:22  Drone  
  18  1:29  Drone  
  19  1:38  Overlord  
  19  2:02  Queen x2  
  19  2:03  Zergling x2  
  19  2:04  Zergling x4  
  26  2:13  Zergling x2  
  27  2:17  Zergling x2  
  28  2:26  Zergling x4  
  28  2:28  Metabolic Boost  
  30  2:34  Overlord  
  30  2:37  Zergling x2  
  32  2:44  Zergling x2  
  32  2:48  Zergling x2  
  33  2:54  Zergling x2  
  34  3:03  Baneling Nest, Zergling x2  
  34  3:11  Zergling x4  
  32  3:14  Zergling x4  
  32  3:15  Zergling x6  
  34  3:25  Zergling x6  
  29  3:34  Zergling x2  
  29  3:35  Zergling x2  
  24  3:42  Zergling x4  
  21  3:52  Zergling x2  
  21  3:53  Zergling x2  
  19  4:01  Zergling x4  
  21  4:06  Zergling x2  
  22  4:14  Zergling x4  
  22  4:17  Zergling x2  
  22  4:26  Zergling x2  
  22  4:27  Zergling x4  
  24  4:35  Baneling x2  
  24  4:42  Zergling x4  
  22  4:48  Zergling x4  
  23  4:57  Zergling x2  
  23  5:02  Baneling x3  
  23  5:03  Zergling x2  
  24  5:08  Zergling x2  
  24  5:13  Zergling x2  
  24  5:26  Zergling x4  
  26  5:29  Zergling x2  
  26  5:33  Zergling x2  
  27  5:39  Zergling x2  
  26  5:54  Zergling x6  
  28  6:00  Queen  
  28  6:02  Zergling x2  
  31  6:21  Zergling x6  
  31  6:23  Zergling x2  
  31  6:25  Queen, Zergling x2  
  38  6:33  Overlord  
  38  6:42  Baneling  
Tags
 
Add a new tag
Caveats
  • Supply blocks, unpowered buildings, or Contaminate may cause inaccurate times.
  • Supply counts are checked every 10 seconds.